 Dungeon Crawl Stone Soup version 0.29.1-1-gd02db6906a (webtiles) character file.

Game seed: 11265418900608998609

32 funkygono the Firebug (level 3, -3/19 HPs)
             Began as a Gargoyle Fire Elementalist on Sept 16, 2022.
             Slain by an orc
             ... wielding a +0 flail
              (6 damage)
             ... on level 2 of the Dungeon.
             The game lasted 00:01:24 (1152 turns).

funkygono the Firebug (Gargoyle Fire Elementalist)  Turns: 1152, Time: 00:01:25

Health: -3/19      AC:  5    Str: 17    XL:     3   Next: 25%
Magic:  6/6        EV: 12    Int: 17    God:
Gold:   75         SH:  0    Dex: 10    Spells: 0/6 levels left

rFire   . . .      SeeInvis .   f - +1 whip (elec)
rCold   . . .      Faith    .   (no shield)
rNeg    + . .      Spirit   .   a - +0 robe
rPois   ∞          Reflect  .   (no helmet)
rElec   +          Harm     .   (no cloak)
rCorr   .          Rampage  .   (no gloves)
Will    .....                   (no boots)
Stlth   +.........              (no amulet)
HPRegen 0.06/turn               c - +6 ring of strength
MPRegen 0.10/turn               (no ring)

@: confused
A: sickness immunity, AC +3, negative energy resistance 1, electricity
resistance, torment resistance 1, petrification resistance
a: no special abilities


You were on level 2 of the Dungeon.
You visited 1 branch of the dungeon, and saw 2 of its levels.

You collected 75 gold pieces.

Inventory:

Hand Weapons
 f - a +1 whip of electrocution (weapon)
Armour
 a - a +0 robe (worn)
Jewellery
 c - a +6 ring of strength (left hand)
Scrolls
 e - a scroll of fear {unknown}
 h - a scroll of enchant armour {unknown}
 i - a scroll of teleportation {unknown}
 j - a scroll of noise {unknown}
Potions
 b - a potion of magic
 d - a potion of degeneration {unknown}
 g - 2 potions of attraction {unknown}


   Skills:
 + Level 1.9 Dodging
 - Level 2.1 Stealth
 + Level 2.2 Spellcasting
 + Level 1.5 Conjurations
 + Level 3.7 Fire Magic


You couldn't memorise any spells.
You knew the following spells:

 Your Spells              Type           Power      Damage    Failure   Level
a - Foxfire               Conj/Fire      40%        2x1d6     6%          1
b - Scorch                Fire           28%        2d6       6%          2
c - Conjure Flame         Conj/Fire      10%        6-21      19%         3

Your spell library contained the following spells:

 Spells                   Type           Power      Damage    Failure   Level
 Summon Small Mammal      Summ           4%         N/A       19%         1
 Inner Flame              Hex/Fire       8%         N/A       26%         3
 Call Canine Familiar     Summ           1%         N/A       50%         3
 Summon Guardian Golem    Hex/Summ       1%         N/A       50%         3
 Flame Wave               Conj/Fire      10%        2d6       54%         4


Dungeon Overview and Level Annotations

Branches:
Dungeon (2/15)

Altars:


Innate Abilities, Weirdness & Mutations

You are immune to sickness and miasma.
Your stone body is resilient. (AC +3)
You are immune to poison.
You resist negative energy. (rN+)
You are resistant to electric shocks. (rElec)
You are resistant to unholy torment.
You are immune to petrification.


Message History

Casting: Foxfire (safe; 7% risk of failure)
Confirm with . or Enter, or press ? or * to list all spells.
You conjure some foxfire!
Casting: Foxfire (safe; 7% risk of failure)
Confirm with . or Enter, or press ? or * to list all spells.
You don't have enough magic to cast this spell.
Unknown command.
You barely miss the orc.
The foxfire hits the orc.
You kill the orc!
The foxfire hits something.
You closely miss the orc. The orc barely misses you.
You hit the orc. Lightning courses through the orc!
You kill the orc!
You closely miss the orc. You hit something.
The orc hits you with a +0 falchion. Something hits you but does no damage.
You hit the orc.
The orc is almost dead.
The orc hits you but does no damage. Something hits you.
You hit the orc.
You kill the orc!
The orc misses you.
You hear some strange, mumbled words.
Something tries to affect you, but you resist.
Items here: )) [ †.
The orc attacks as you move away! The orc completely misses you.
You hear some strange, mumbled words.
You are confused.
Something hits you but does no damage. The orc misses you.
You hear some strange, mumbled words.
You are more confused.
The orc hits you but does no damage. Something hits you.
You bump into the rock wall.
The orc hits you with a +0 flail. Something hits you but does no damage.
You bump into the rock wall.
The orc hits you with a +0 flail.
* * * LOW HITPOINT WARNING * * *
Something hits you.
* * * LOW HITPOINT WARNING * * *
Magic courses through your body. The orc hits you with a +0 flail.
You die...

#.########
#.#...#..
#.#.#.#.#
#.#.#.#.######
#.#.#@o.......
#.#.#{#.......
#.#.##########
#..........
#.#########
#.# #.# #.#
#.#


You could see an orc.

Vanquished Creatures
  An adder (D:2)
  4 orcs (D:2)
  2 bats
  A hobgoblin (D:1)
  3 jackals (D:1)
  3 ball pythons
  A frilled lizard (D:1)
  2 kobolds (D:1)
  2 rats (D:2)
19 creatures vanquished.

Vanquished Creatures (others)
  47 foxfires
47 creatures vanquished.

Grand Total: 66 creatures vanquished

Notes
Turn   | Place    | Note
-------+----------+-------------------------------------------
     0 | D:1      | funkygono the Gargoyle Fire Elementalist began the quest
                  | for the Orb.
     0 | D:1      | Reached XP level 1. HP: 10/10 MP: 3/3
   440 | D:1      | Reached XP level 2. HP: 15/15 MP: 1/5
   443 | D:1      | Learned a level 2 spell: Scorch
   988 | D:2      | Reached XP level 3. HP: 19/19 MP: 2/6
   992 | D:2      | Learned a level 3 spell: Conjure Flame
  1152 | D:2      | Slain by an orc

Illustrated notes

Levels and vault maps discovered:
D:1:      spicycebolla_green_bress_n_ham, layout_loops_ring, nrook_uturn
D:2:      layout_basic, chequers_ecumenical_altar_simple_redux

Action                   || total
-------------------------++-------
Melee: Whip              ||    11
 Cast: Foxfire           ||    29
  Use: Potion            ||     1
Armor: Robe              ||    14
Dodge: Dodged            ||    21
